 Dungeon Crawl Stone Soup version 0.30-a0-137-gd8773701ce (webtiles) character file.

Game seed: 9332677379010027946

4740 IdlyInterested the Spear-Bearer (level 10, 0/77 HPs)
             Began as a Formicid Fighter on Sept 21, 2022.
             Was an Initiate of Qazlal.
             Slain by an orc warrior
             ... wielding a +0 long sword
              (4 damage)
             ... on level 9 of the Dungeon.
             The game lasted 00:35:37 (9814 turns).

IdlyInterested the Spear-Bearer (Formicid Fighter)  Turns: 9814, Time: 00:35:38

Health: 0/77       AC: 11    Str: 24    XL:     10   Next: 74%
Magic:  14/14      EV: 10    Int:  8    God:    Qazlal [......]
Gold:   393        SH: 12    Dex: 17    Spells: 9/9 levels left

rFire   . . .      SeeInvis +    q - +0 halberd
rCold   . . .      Faith    +    i - +1 kite shield of Bequeathed Liberty {Contam rElec Str+3 SInv}
rNeg    . . .      Spirit   .    y - +4 leather armour of Sonaek {Will+}
rPois   +          Reflect  .    (helmet unavailable)
rElec   +          Harm     .    (no cloak)
rCorr   .          Rampage  .    (no gloves)
Will    ++...                    s - +2 pair of boots
Stlth   ++........               o - amulet of faith
HPRegen 0.22/turn                g - ring of poison resistance
MPRegen 0.14/turn                (no ring)

@: flying, studying Invocations
A: permanent stasis, dig shafts and tunnels, antennae 3, four strong arms
a: Dig, Shaft Self, Renounce Religion


You were on level 9 of the Dungeon.
You worshipped Qazlal.
Qazlal was noncommittal.
You visited 2 branches of the dungeon, and saw 10 of its levels.
You also visited: Sewer.

You collected 393 gold pieces.

Inventory:

Hand Weapons
 a - a +1 trident
 k - a +5 spear of venom
 q - a +0 halberd (weapon)
Missiles
 h - 71 stones
 t - 15 poisoned darts (quivered)
 u - 3 curare-tipped darts
 F - 5 javelins
Armour
 d - a +2 robe of the Archmagi
 f - a +2 robe of cold resistance
 i - the +1 kite shield of Bequeathed Liberty (worn) {Contam rElec Str+3 SInv}
   (You acquired it on level 2 of the Dungeon)

   Str:       It affects your strength (+3).
   rElec:     It insulates you from electricity.
   SInv:      It lets you see invisible.
   Contam:    It causes magical contamination when unequipped.
 s - a +2 pair of boots (worn)
 y - the +4 leather armour of Sonaek (worn) {Will+}
   (You found it on level 4 of the Dungeon)

   Will:      It increases your willpower.
 A - a +0 chain mail
 E - a +2 robe of fire resistance
Jewellery
 g - a ring of poison resistance (left hand)
 o - an amulet of faith (around neck)
 r - an amulet of magic regeneration
Wands
 b - a wand of charming (6)
 w - a wand of acid (16)
 C - a wand of flame (21)
 D - a wand of digging (5)
Scrolls
 m - a scroll of vulnerability
 p - a scroll of poison
 B - 3 scrolls of magic mapping
Potions
 e - 5 potions of brilliance
 j - 5 potions of lignification
 l - 4 potions of curing


   Skills:
 + Level 6.9 Fighting
 * Level 11.1 Polearms
 - Level 2.0 Throwing
 - Level 6.0 Armour
 - Level 1.0 Dodging
 - Level 1.0 Stealth
 - Level 8.0 Shields
 - Level 6.0 Invocations
 + Level 2.5 Evocations


You had 9 spell levels left.
You didn't know any spells.
Your spell library contained the following spells:

 Spells                   Type           Power      Damage    Failure   Level
 Foxfire                  Conj/Fire      0%         2x1d4     69%         1
 Magic Dart               Conj           0%         1d3       69%         1
 Static Discharge         Conj/Air       0%         2-2/arc   83%         2
 Wereblood                Tmut           0%         N/A       83%         2
 Inner Flame              Hex/Fire       0%         N/A       96%         3
 Kindle Blastsparks       Fire/Tloc/Air  0%         2d10      96%         3
 Lesser Beckoning         Tloc           0%         N/A       96%         3
 Stone Arrow              Conj/Erth      0%         3d7       96%         3
 Animate Armour           Summ/Erth      0%         N/A       100%        4
 Flame Wave               Conj/Fire      0%         2d4       100%        4
 Manifold Assault         Tloc           0%         N/A       100%        4
 Summon Lightning Spire   Summ/Air       0%         N/A       100%        4
 Iskenderun's Battlesphe  Conj           0%         2d6       100%        5
 Storm Form               Tmut/Air       0%         N/A       100%        7
 Lehudib's Crystal Spear  Conj/Erth      0%         10d2      100%        8
 Maxwell's Capacitive Co  Air            0%         ∞         100%        8
 Blink                    Tloc           Unusable   N/A       N/A         2

Dungeon Overview and Level Annotations

Branches:
Dungeon (9/15)             Temple (1/1) D:5           Sewer (visited)
   Lair: D:8-11         Orc: D:9-12

Altars:
Ashenzari
Dithmenos
Elyvilon
Fedhas
Gozag
Hepliaklqana
Kikubaaqudgha
Makhleb
Nemelex Xobeh
Okawaru
Qazlal
Ru
Sif Muna
Trog
Uskayaw
Vehumet
Wu Jian
Xom
Yredelemnul
Zin
The Shining One


Innate Abilities, Weirdness & Mutations

You cannot be hasted, slowed, berserked, paralysed or teleported.
You can dig through walls and to a lower floor.
You have a pair of large antennae on your head. (SInv)
Your four strong arms can wield two-handed weapons with a shield.


Message History

Aiming: Corrosive Bolt
Press: ? - help, Shift-Dir - straight line, f - wight, p - orc warrior
Aim: a wight, wielding a +5 falchion and wearing a +0 robe (71% to hit)
The bolt of acid hits the orc warrior!
The orc warrior is severely wounded.
The bolt of acid hits the orc warrior.
The acid corrodes the orc warrior!
The orc warrior is moderately wounded.
The bolt of acid hits the orc priest!
The acid corrodes the orc priest!
The orc priest is severely wounded.
The bolt of acid misses the wight.
You hear a shout!
The orc priest begins to cast a cantrip, but forgets the words!
The orc warrior barely misses you.
You feel better. You block the orc warrior's attack.
You barely miss the orc warrior.
The orc warrior is severely wounded.
The orc warrior hits you with a +0 long sword.
* * * LOW HITPOINT WARNING * * *
You closely miss the orc warrior.
The orc warrior is severely wounded.
The orc warrior hits you with a +0 long sword!
* * * LOW HITPOINT WARNING * * *
The orc priest looks satisfied for a moment.
An orc comes into view. It is wielding a +0 hand axe.
You closely miss the orc warrior.
The orc warrior is severely wounded.
You block the orc warrior's attack.
You hit the orc warrior but do no damage.
The orc warrior is severely wounded.
You block the orc warrior's attack.
You closely miss the orc warrior.
The orc warrior is severely wounded.
The orc warrior barely misses you.
You closely miss the orc warrior.
The orc warrior is severely wounded.
The orc warrior barely misses you.
You barely miss the orc warrior.
The orc warrior is severely wounded.
The orc warrior hits you with a +0 long sword.
You die...

########!.#
#####..<......#
#...........#.#
#.###.........#
####.###..####.###
...>....@.#### #
###.##o.....#
{#o###.#.#
≈≈8.{oo## #..#
≈8≈.ozg ...
o≈≈.##. ..## .≈≈
## .. #≈ .#


o{{ You could see 2 orc warriors, a wight, an orc priest (corroded), an orc
wizard (invisible), a gnoll and an orc.

Vanquished Creatures
  Pikel (D:8)
  Joseph (D:7)
  Psyche (D:8)
  2 steam dragons (D:7)
  Edmund (D:4)
  2 water moccasins
  An orc warrior (D:8)
  2 ice beasts
  2 centaurs
  2 lemures (D:8)
  2 phantoms
  5 kobold brigands (Sewer)
  5 bullfrogs
  4 necrophages
  A gnoll sergeant (D:9)
  5 scorpions
  7 wights
  2 howler monkeys
  3 jellies (D:6)
  2 hounds
  5 orc priests
  A gnoll bouda (D:5)
  An iguana (D:5)
  An orc wizard (D:5)
  Robin (D:3)
  11 gnolls
  7 adders
  2 river rats (Sewer)
  A white imp (D:6)
  3 worms
  2 dart slugs (D:5)
  12 orcs
  6 endoplasms
  2 giant cockroaches
  13 goblins
  6 hobgoblins
  6 jackals (Sewer)
  14 kobolds
  7 quokkas
  8 ball pythons
  6 bats
  7 frilled lizards
  13 rats
186 creatures vanquished.

Vanquished Creatures (collateral kills)
  A gnoll (D:9)
1 creature vanquished.

Vanquished Creatures (others)
  An acid dragon (D:9)
  A centaur (D:7)
  64 plants
66 creatures vanquished.

Grand Total: 253 creatures vanquished

Notes
Turn   | Place    | Note
-------+----------+-------------------------------------------
     0 | D:1      | IdlyInterested the Formicid Fighter began the quest for the
                  | Orb.
     0 | D:1      | Reached XP level 1. HP: 18/18 MP: 1/1
   147 | D:1      | Reached XP level 2. HP: 21/24 MP: 2/2
   494 | D:1      | Found a faded altar of an unknown god.
   544 | D:1      | Reached XP level 3. HP: 28/29 MP: 3/3
   553 | D:1      | Reached skill level 1 in Throwing
   843 | D:2      | Identified a scroll of acquirement
   843 | D:2      | Acquired the +1 kite shield of Bequeathed Liberty {Contam
                  | rElec Str+3 SInv}
   930 | D:2      | Reached skill level 3 in Polearms
  1075 | D:2      | Reached XP level 4. HP: 31/37 MP: 4/4
  1156 | D:2      | Reached skill level 1 in Evocations
  1674 | D:3      | Found a glowing drain.
  1688 | Sewer    | Entered a sewer
  1746 | Sewer    | Noticed a kobold brigand
  1768 | Sewer    | Killed a kobold brigand
  1769 | Sewer    | Reached skill level 4 in Polearms
  1769 | Sewer    | Reached skill level 1 in Invocations
  1769 | Sewer    | Reached XP level 5. HP: 20/42 MP: 5/5
  1937 | Sewer    | Noticed a kobold brigand
  1983 | Sewer    | Killed a kobold brigand
  1984 | Sewer    | Reached skill level 1 in Stealth
  1984 | Sewer    | Reached skill level 5 in Shields
  1984 | Sewer    | Reached XP level 6. HP: 36/48 MP: 6/6
  2271 | Sewer    | Reached skill level 5 in Polearms
  2427 | Sewer    | Reached skill level 1 in Dodging
  2427 | Sewer    | Reached XP level 7. HP: 50/54 MP: 7/7
  2872 | D:3      | Acquired a manual of Invocations
  2919 | D:3      | Noticed Robin
  2934 | D:3      | Killed Robin
  3101 | D:3      | Found a blossoming altar of Fedhas.
  3297 | D:3      | Found a sparkling altar of Nemelex Xobeh.
  3580 | D:3      | Got the Teachings on Attacks and Permutations
  3861 | D:4      | Reached skill level 6 in Polearms
  4009 | D:4      | Noticed Edmund
  4026 | D:4      | Killed Edmund
  4027 | D:4      | Reached XP level 8. HP: 26/60 MP: 8/8
  4028 | D:4      | Found a shadowy altar of Dithmenos.
  4430 | D:4      | Identified the +4 leather armour of Sonaek {Will+}
  4667 | D:5      | Entered Level 5 of the Dungeon
  4900 | D:5      | Reached skill level 7 in Polearms
  5261 | D:5      | Found a staircase to the Ecumenical Temple.
  5266 | D:5      | Reached skill level 5 in Fighting
  5271 | Temple   | Entered the Ecumenical Temple
  5666 | D:5      | Noticed an angel
  5667 | D:5      | Found a shimmering altar of Xom.
  5667 | D:5      | Found a glowing silver altar of Zin.
  6476 | D:6      | You fall into a shaft and drop 1 floor!
  6540 | D:6      | Reached XP level 9. HP: 67/68 MP: 12/12
  6567 | D:6      | Reached skill level 8 in Polearms
  7670 | D:7      | Found a sacrificial altar of Ru.
  7683 | D:7      | Reached skill level 9 in Polearms
  7868 | D:7      | Found a burning altar of Makhleb.
  7886 | D:7      | Reached skill level 5 in Armour
  8497 | D:7      | Reached XP level 10. HP: 76/76 MP: 13/13
  8500 | D:7      | Noticed Joseph
  8510 | D:7      | Killed Joseph
  8511 | D:7      | Reached skill level 10 in Polearms
  8714 | D:8      | Noticed Psyche
  8721 | D:8      | Killed Psyche
  8722 | D:8      | Reached skill level 5 in Invocations
  8729 | D:8      | Noticed Pikel
  8747 | D:8      | Killed Pikel
  9300 | D:8      | Reached skill level 11 in Polearms
  9476 | D:8      | Found a white marble altar of Elyvilon.
  9532 | D:8      | Found a broken altar of Ashenzari.
  9532 | D:8      | Found a hide-covered altar of Uskayaw.
  9543 | D:8      | Found a stormy altar of Qazlal.
  9551 | D:8      | Became a worshipper of Qazlal Stormbringer
  9567 | D:8      | Found a basalt altar of Yredelemnul.
  9799 | D:9      | HP: 1/77 [gnoll/+0 spear[a gnoll sergeant] (5)]
  9809 | D:9      | HP: 3/77 [orc warrior/+0 long sword (10)]
  9814 | D:9      | Slain by an orc warrior

Illustrated notes

Levels and vault maps discovered:
D:1:      zelgadis_glass_arrival_small, layout_rooms,
          hellmonk_ecumenical_altar_leap_of_faith, minmay_distorted
D:2:      layout_loops_ring
D:3:      layout_basic, mainiacjoe_overflow_24_doors,
          mainiacjoe_overflow_catwalk, cheibrodos_sewer_entry_sluice, uniq_robin
D:4:      layout_rooms, grunt_dithmenos_smoke_and_mirrors, uniq_edmund
D:5:      layout_loops_ring, grunt_temple_overflow_order_and_chaos_1,
          minmay_temple_entry_statues, serial_bayou_lagoon_a
D:6:      layout_basic
D:7:      layout_basic, mainiacjoe_overflow_cross_hatched,
          nicolae_ru_sacrificial_ziggurat, uniq_joseph
D:8:      layout_rooms, minmay_overflow_temple_star_hex, uniq_psyche, uniq_pikel
D:9:      layout_loops_ring, erik_orc_2, kennysheep_generic_room_10
Temple:   nicolae_temple_bog_church

Skill      XL: |  1  2  3  4  5  6  7  8  9 10 |
---------------+-------------------------------+-----
Throwing       | 1 2 |  2.0
Polearms       | 3 4 5 6 7 9 11 | 11.1
Evocations     | 1 2 |  2.5
Fighting       | 4 5 6 |  6.9
Invocations    | 1 4 6 |  6.0
Stealth        | 1 |  1.0
Shields        | 5 6 7 8 |  8.0
Dodging        | 1 |  1.0
Armour         | 4 5 6 |  6.0

Action                   |  1- 3 |  4- 6 |  7- 9 | 10-12 || total
-------------------------+-------+-------+-------+-------++-------
Melee: Trident           |   105 |   226 |    56 |       ||   387
       Spear             |       |       |   275 |    13 ||   288
       Halberd           |       |       |       |   106 ||   106
Throw: Dart              |       |       |       |     3 ||     3
Evoke: Wand              |       |       |       |     2 ||     2
  Use: Scroll            |     8 |     2 |    11 |     1 ||    22
       Potion            |     2 |       |     7 |     7 ||    16
 Stab: Sleeping          |       |       |     7 |     2 ||     9
Armor: Scale mail        |    42 |    44 |    32 |       ||   118
       Leather armour    |       |       |    67 |    19 ||    86
Dodge: Dodged            |    34 |    50 |    80 |    35 ||   199
Block: Buckler           |    20 |       |       |       ||    20
       Kite shield       |    18 |    73 |   152 |    68 ||   311

Table legend: (Time is in decaauts)
 A = Elapsed time spent in this place.
 B = Non-inter-level travel time spent in this place.
 C = Inter-level travel time spent in this place.
 D = Time resting spent in this place.
 E = Time spent auto-exploring this place.
 F = Levels seen in this place.
 G = Mean time per level.
                   A        B        C        D        E       F      G
               +--------+--------+--------+--------+--------+-----+--------+
         Total |  10033 |   8876 |   1157 |   1718 |   4457 |  11 |  912.1 |
       Dungeon |   8595 |   7464 |   1131 |   1403 |   4138 |   9 |  955.0 |
        Temple |    201 |    175 |     26 |      0 |    167 |   1 |  201.0 |
         Sewer |   1236 |   1236 |      0 |    315 |    152 |   1 | 1236.0 |
               +--------+--------+--------+--------+--------+-----+--------+

Top non-repeatable levels by time:
     D:7: 1685 daAuts
   Sewer: 1236 daAuts
     D:5: 1133 daAuts
     D:3: 1051 daAuts
     D:6: 1007 daAuts
     D:4: 988 daAuts
     D:2: 920 daAuts
     D:8: 897 daAuts
     D:1: 848 daAuts
  Temple: 201 daAuts
     D:9: 62 daAuts
